Workbook

Sheet 基礎ﾃﾞｰﾀ
A1: 運営指導年度初日
A2: 46113
A3: =DATE(YEAR($A$2)+B3,MONTH($A$2),DAY($A$2)) -> 45748 | B3: -1
A4: =DATE(YEAR($A$2)+B4,MONTH($A$2),DAY($A$2)) -> 45383 | B4: -2
A5: =DATE(YEAR($A$2)+B5,MONTH($A$2),DAY($A$2)) -> 45017 | B5: -3
A6: =DATE(YEAR($A$2)+B6,MONTH($A$2),DAY($A$2)) -> 44652 | B6: -4
A7: =DATE(YEAR($A$2)+B7,MONTH($A$2),DAY($A$2)) -> 44287 | B7: -5

Sheet 表紙
A2: 指定特定相談支援事業者・指定障害児相談支援事業者 運営指導等調書
W4: 運営指導予定日 | AK4: 自己点検表作成日 | BA4: ※運営指導の実施予定日及び自己点検表の作成日を入力してください。特に実施予定日は他のシートにも影響がありますので記入してください
A5: 事業者(法人)名称 | BA5: ※事業者の名称（正式名称）を記入してください
A6: 事業所名称等 | I6: 指定特定相談支援事業 | V6: 指定の有無 | AD6: 指定障害児相談支援事業 | AQ6: 指定の有無 | BA6: ※「指定の有無」には、それぞれの事業を指定されているか記入してください
I7: 事業所番号 | M7: 事業所名称 | Z7: 指定満了日 | AD7: 事業所番号 | AH7: 事業所名称 | AU7: 指定満了日 | BA7: ※指定事業所の事業所番号及び事業所名称（指定された名称）、指定満了日を記入してください
BA8: 「指定の有無」が「無し」場合は、名称等の記入は不要です
A9: 調書作成者 | I9: 作成者職・氏名 | AD9: 連絡先(電話・eﾒｰﾙ) | BA9: ※調書を作成したご担当者の職、氏名、電話番号、電子ﾒｰﾙｱﾄﾞﾚｽを記入してください
I10: 職名 | S10: 氏名 | AD10: 電話 | AN10: eﾒｰﾙ | BA10: 電話やﾒｰﾙｱﾄﾞﾚｽは問い合わせ等に使用しますので、対応可能なものを記入してください
A12: 【調書作成上の注意】
A13: １ 基本的事項 この調書は、指定事業所における基準等を満たしているかなどを確認するものです。 薄黄色のセルについてご記入等をお願いします。特に指定のない限りは、運営指導予定月の前々月の状況で作成してください。 記入欄中、青字については、他の記入を参照して自動的に表示しています。「0」やエラー値である場合は、未入力箇所がある場合がありますのでご注意ください。 同じ内容をお聞きしている箇所もありますが、ご容赦ください。 ２ 運営指導自己点検表について これは、指定基準や報酬算定基準をまとめた、国が示している標準的な点検表です。 確認項目をご確認いただき、「確認結果」欄から当てはまるものを選んでください。 ３ 運営指導事前調書について この事前調書は、事業所の概要等についてお聞きするものです。作成にご協力ください。 ４ 業務管理体制整備に関する一般検査自己点検表 この点検表は、業務管理体制の整備に関する自己点検表です。 障害者総合支援法第51条の31第2項第2号、児童福祉法第24条の38第2項第2号に該当する場合は市町村に「業務管理体制の整備に関する届出」をする必要がありますが、この各号に該当する場合に作成してください。 ５ 添付資料について 運営指導等調書には、お手数ですが、次の資料を添付してください。（データでの提出をお願いします） ①運営規程、②重要事項説明書及びその同意書(書式)、③契約書(書式)、④事業所平面図、⑤パンフレット(作成している場合、提出してください) ６ 提出について このファイルを提出する際は、ファイル名末尾の「事業所名称」を当該事業所名称(分かるようにしてあれば略称等でも構いません)に変更して提出してください。

Sheet 運営指導_自己点検表
A1: 指定計画相談支援・指定障害児相談支援 運営指導自己点検表 | N1: 【島根県大田市】
N2: ※指定を受けている事業について確認事項をご確認いただき、その結果を「確認結果」から選択してください
A3: 指定計画相談支援【障害者総合支援法】 | H3: 指定障害児相談支援【児童福祉法】
A4: 確認項目 | D4: 確認事項 | E4: 根拠法令 | F4: 確認 結果 | G4: 確認書類 | H4: 確認項目 | K4: 確認事項 | L4: 根拠法令 | M4: 確認 結果 | N4: 確認書類
A5: 第１ 基本方針（法第51条の24） | H5: 第１ 基本方針（法第24条の31）
B6: (1) 利用者又は障害児の保護者(利用者等)の意思及び人格を尊重し、常に当該利用者等の立場に立って行われているか。 | E6: 平24厚令28第2条第1項 | F6: (選択) | G6: ○運営規程 ○サービス等利用計画 ○ケース記録 | I6: (1) 障害児又は障害児の保護者(障害児等)の意思及び人格を尊重し、常に当該障害児等の立場に立って行われているか。 | L6: 平24厚令29第2条第1項 | M6: (選択) | N6: ○運営規程 ○障害児支援利用計画 ○ケース記録
B7: (2) 利用者等が自立した日常生活又は社会生活を営むことができるように配慮して行われているか。 | E7: 平24厚令28第2条第2項 | F7: (選択) | G7: ○運営規程 ○サービス等利用計画 ○ケース記録 | I7: (2) 障害児等が自立した日常生活又は社会生活を営むことができるように配慮して行われているか。 | L7: 平24厚令29第2条第2項 | M7: (選択) | N7: ○運営規程 ○障害児支援利用計画 ○ケース記録
B8: (3) 利用者等の心身の状況、その置かれている環境等に応じて、利用者等の選択に基づき、適切な保健、医療、福祉、就労支援、教育等のサービス(福祉サービス等)が多様な事業者から総合的かつ効率的に提供されるよう配慮して行われているか。 | E8: 平24厚令28第2条第3項 | F8: (選択) | G8: ○運営規程 ○サービス等利用計画 ○ケース記録 | I8: (3) 障害児の心身の状況、その置かれている環境等に応じて、障害児等の選択に基づき、適切な保健、医療、福祉、就労支援、教育等のサービス(福祉サービス等)が多様な事業者から総合的かつ効率的に提供されるよう配慮して行われているか。 | L8: 平24厚令29第2条第3項 | M8: (選択) | N8: ○運営規程 ○障害児支援利用計画 ○ケース記録
B9: (4) 利用者等に提供される福祉サービス等が特定の種類又は特定の障害福祉サービス事業を行う者に不当に偏ることのないよう、公正中立に行われているか。 | E9: 平24厚令28第2条第4項 | F9: (選択) | G9: ○運営規程 ○サービス等利用計画 ○ケース記録 | I9: (4) 当該障害児等に提供される福祉サービス等が特定の種類又は特定の障害児通所支援事業を行う者に不当に偏ることのないよう、公正中立に行われているか。 | L9: 平24厚令29第2条第4項 | M9: (選択) | N9: ○運営規程 ○障害児支援利用計画 ○ケース記録
B10: (5) 市町村、障害福祉サービス事業を行う者、介護保険法に規定する指定居宅介護支援事業者、指定介護予防支援事業者その他の関係者との連携を図り、地域において必要な社会資源の改善及び開発に努めているか。 | E10: 平24厚令28第2条第5項 | F10: (選択) | G10: ○関係者と連携を図って必要な社会資源を活用して支援していることが分かる書類(ケース記録等) | I10: (5) 市町村、障害児通所支援事業を行う者等との連携を図り、地域において必要な社会資源の改善及び開発に努めているか。 | L10: 平24厚令29第2条第5項 | M10: (選択) | N10: ○関係者と連携を図って必要な社会資源を活用して支援していることが分かる書類(ケース記録等)
B11: (6) 利用者が指定計画相談支援を利用することにより、地域の教育、就労等の支援を受けることができるようにすることで、障害の有無にかかわらず、全ての者が共生することができるよう、地域社会への参加や包摂の推進に努めるとともに、利用者の自己決定の尊重及び意思決定の支援に配慮しつつ、利用者の希望を踏まえて障害者支援施設、精神科病院等から地域生活への移行の推進に努めているか。 | E11: 平24厚令28第2条第6項 | F11: (選択) | G11: ○自己評価 ○資料自己評価結果を改善に繋げていることが分かる記録 | I11: (6) 障害児が指定障害児相談支援を利用することにより、地域の保育、教育等の支援を受けることができるようにすることで、障害の有無にかかわらず、全ての児童が共に成長できるよう、障害児の地域社会への参加や包摂(インクルージョン)の推進に努めているか。 | L11: 平24厚令29第2条第6項 | M11: (選択) | N11: ○自己評価資料 ○自己評価結果を改善に繋げていることが分かる記録
B12: (7) 自らその提供する指定計画相談支援の評価を行い、常にその改善を図っているか。 | E12: 平24厚令28第2条第7項 | F12: (選択) | G12: ○運営規程 ○研修計画、研修実施記録 | I12: (7) 自らその提供する指定障害児相談支援の評価を行い、常にその改善を図っているか。 | L12: 平24厚令29第2条第7項 | M12: (選択) | N12: ○運営規程 ○研修計画、研修実施記録
B13: (8) 利用者の人権の擁護、虐待の防止等のため、必要な体制の整備を行うとともに、その従業者に対し、研修を実施する等の措置を講じているか。 | E13: 平24厚令28第2条第8項 | F13: (選択) | G13: ○虐待防止関係書類体制の整備をしていることが分かる書類 | I13: (8) 当該事業所を利用する障害児の人権の擁護、虐待の防止等のため、必要な体制の整備を行うとともに、その従業者に対し、研修を実施する等の措置を講じているか。 | L13: 平24厚令29第2条第8項 | M13: (選択) | N13: ○虐待防止関係書類体制の整備をしていることが分かる書類
B14: (9) 指定計画相談支援の提供の終了に際しては、利用者又はその家族に対して適切な援助を行うとともに、福祉サービス等を提供する者との密接な連携に努めているか。 | E14: 平24厚令28第2条第9項 | F14: (選択) | G14: ○適正な援助をしたことが分かる書類、福祉サービス等の提供者との連携したことが分かる書類 | I14: (9) 指定障害児相談支援の提供の終了に際しては、利用者又はその家族に対して適切な援助を行うとともに、福祉サービス等を提供する者との密接な連携に努めているか。 | L14: 平24厚令29第2条第9項 | M14: (選択) | N14: ○適正な援助をしたことが分かる書類、福祉サービス等の提供者との連携したことが分かる書類
A15: 第２ 人員に関する基準（法第51条の24第1項） | H15: 第２ 人員に関する基準（法第4条の31第1項）
B16: １ 従業者★ | I16: １ 従業者
C17: (1) 事業所ごとに専らその職務に従事する相談支援専門員(指定計画相談支援の提供に当たる者として平24厚告227の規定に定めるもの)を置いているか。(ただし、指定計画相談支援の業務に支障がない場合は、当該事業所の他の職務に従事させ、又は他の事業所、施設等の職務に従事させることができるものとする。) | E17: 平24厚令28第3条第1項 平24厚告227 | F17: (選択) | G17: ○勤務実績表 ○出勤簿(タイムカード) ○従業員の資格証 ○勤務体制一覧表 ○研修修了書 | J17: (1) 事業所ごとに専らその職務に従事する相談支援専門員(指定障害児相談支援の提供に当たる者として平24厚告225の規定に定めるもの)を置いているか。(ただし、指定障害児相談支援の業務に支障がない場合は、当該事業所の他の職務に従事させ、又は他の事業所、施設等の職務に従事させることができるものとする。) | L17: 平24厚令29第3条第1項 平24厚告225 | M17: (選択) | N17: ○勤務実績表 ○出勤簿(タイムカード) ○従業員の資格証 ○勤務体制一覧表 ○研修修了書
C18: (2) (1)に規定する相談支援専門員の員数の標準は、利用者の数(当該事業者が、指定障害児相談支援事業者の指定を併せて受け、かつ、指定計画相談支援の事業と指定障害児相談支援の事業とを同一の事業所において一体的に運営している場合にあっては、当該事業所において一体的に運営している指定計画相談支援の事業における利用者の数及び指定障害児相談支援の事業における障害児の保護者の数の合計数)が３５又はその端数を増すごとに１となっているか。 | E18: 平24厚令28第3条第2項 | F18: (選択) | G18: ○勤務実績表 ○出勤簿(タイムカード) ○従業員の資格証 ○勤務体制一覧表 ○利用者の数が分かる書類 | J18: (2) (1)に規定する相談支援専門員の員数の標準は、障害児の保護者の数(当該事業者が、指定特定相談支援事業者の指定を併せて受け、かつ、当該事業と指定計画相談支援の事業とを同一の事業所において一体的に運営している場合にあっては、当該事業所において一体的に運営している当該事業における障害児の保護者の数及び指定特定相談支援の事業における利用者の数の合計数)が３５又はその端数を増すごとに１となっているか。 | L18: 平24厚令29第3条第2項 | M18: (選択) | N18: ○勤務実績表 ○出勤簿(タイムカード) ○従業員の資格証 ○勤務体制一覧表 ○障害児相談支援対象保護者の数が分かる書類
C19: (3) (2)に規定する利用者の数は、前６箇月の平均値となっているか。ただし、新規に指定を受ける場合は、適切な推定数となっているか。 | E19: 平24厚令28第3条第3項 | F19: (選択) | G19: ○勤務実績表 ○出勤簿(タイムカード) ○従業員の資格証 ○勤務体制一覧表 ○利用者の数が分かる書類 | J19: (3) (2)に規定する障害児の保護者の数は、前６箇月の平均値となっているか。ただし、新規に指定を受ける場合は、推定数となっているか。 | L19: 平24厚令29第3条第3項 | M19: (選択) | N19: ○勤務実績表 ○出勤簿(タイムカード) ○従業員の資格証 ○勤務体制一覧表 ○障害児相談支援対象保護者の数が分かる書類
J20: (4) 次に掲げる①②の要件をいずれも満たす場合には、指定障害児相談支援事業所に相談支援員(専ら当該指定障害児相談支援事業所の職務に従事する者であって社会福祉士又は精神保健福祉士の資格を有するもの。)を置くことができる。この場合において、当該相談支援員を、指定地域相談支援若しくは指定計画相談支援の事業を行う事業所又は指定自立生活援助の事業を行う事業所の職務その他これに類する職務に従事させることができるものとする。 | L20: 平24厚令29第3条第4項 | M20: － | N20: ○勤務実績表 ○出勤簿(タイムカード) ○従業員の資格証 ○勤務体制一覧表
K21: ① 当該事業所が平27厚告181第一号イからニまでに掲げる基準のいずれかに適合しているか。 | M21: (選択)
K22: ② 平30厚告116の規定に該当する者(当該事業所の相談支援専門員として職務に従事する者に限る。)により相談支援員に対して指導及び助言が行われる体制が確保されているか。 | M22: (選択)
J23: (5) (4)の規定により相談支援員を置く場合における7、11の(1)①、(2)①から⑧、(3)、11の2、14、16の(1)から(3)まで、20の(1)(指定基準第20条第1項に係る部分に限る。)並びに23の(1)及び(2)の規定の適用については、これらの規定中「相談支援専門員」とあるのは「相談支援専門員又は相談支援員」と読み替えるものとする。 | L23: 平24厚令29第3条第5項 | M23: (選択) | N23: ○勤務実績表 ○出勤簿(タイムカード) ○従業員の資格証 ○勤務体制一覧表
B24: ２ 管理者★ | I24: ２ 管理者
C25: 事業所ごとに専らその職務に従事する管理者を置いているか。(ただし、事業所の管理上支障がない場合は、当該事業所の他の職務に従事させ、又は他の事業所、施設等の職務に従事させることができるものとする。) | E25: 平24厚令28第4条 | F25: (選択) | G25: ○管理者の雇用形態が分かる書類 ○勤務実績表 ○出勤簿(タイムカード) ○従業員の資格証 ○勤務体制一覧表 | J25: 事業所ごとに専らその職務に従事する管理者を置いているか。(ただし、事業所の管理上支障がない場合は、当該事業所の他の職務に従事させ、又は他の事業所、施設等の職務に従事させることができるものとする。) | L25: 平24厚令29第4条 | M25: (選択) | N25: ○管理者の雇用形態が分かる書類 ○勤務実績表 ○出勤簿(タイムカード) ○従業員の資格証 ○勤務体制一覧表
B26: ３ 従たる事業所を設置する場合における特例 | I26: ３ 従たる事業所を設置する場合における特例
C27: 事業所における主たる事業所と一体的に管理運営を行う事業所(従たる事業所)を設置している場合においては、主たる事業所及び従たる事業所のうちそれぞれ一人以上は、専ら当該主たる事業所又は従たる事業所の職務に従事する相談支援専門員が配置されているか。 | E27: 平24厚令28第4条の2第1項、第2項 | F27: (選択) | G27: ○事業所一覧 ○各事業所の従業者名簿、相談支援専門員であることが分かる書類 | J27: 事業所における主たる事業所と一体的に管理運営を行う事業所(従たる事業所)を設置している場合においては、主たる事業所及び従たる事業所のうちそれぞれ一人以上は、専ら当該主たる事業所又は従たる事業所の職務に従事する相談支援専門員が配置されているか。 | L27: 平24厚令29第4条の2第1項、第2項 | M27: (選択) | N27: ○事業所一覧 ○各事業所の従業者名簿、相談支援専門員であることが分かる書類
A28: 第３ 運営に関する基準（法第51条の24第2項） | H28: 第３ 運営に関する基準（法第24条の31第2項）
B29: １ 内容及び手続の説明及び同意★ | I29: １ 内容及び手続の説明及び同意
C30: (1) 指定計画相談支援の利用申込があったときは、当該利用申込を行った利用者(利用申込者)に係る障害の特性に応じた適切な配慮をしつつ、当該利用申込者に対し、運営規程の概要その他の利用申込者のサービスの選択に資すると認められる重要事項を記した文書を交付して説明を行い、当該指定計画相談支援の提供の開始について当該利用申込者の同意を得ているか。 | E30: 平24厚令28第5条第1項 | F30: (選択) | G30: ○重要事項説明書 ○利用契約書 | J30: (1) 指定障害児相談支援の利用申込があったときは、当該利用申込みを行った障害児の保護者(利用申込者)に係る障害児の障害の特性に応じた適切な配慮をしつつ、当該利用申込者に対し、運営規程の概要その他の利用申込者のサービスの選択に資すると認められる重要事項を記した文書を交付して説明を行い、当該指定障害児相談支援の提供の開始について当該利用申込者の同意を得ているか。 | L30: 平24厚令29第5条第1項 | M30: (選択) | N30: ○重要事項説明書 ○利用契約書
C31: (2) 社会福祉法第77条の規定に基づき書面の交付を行う場合は、利用者の障害の特性に応じた適切な配慮をしているか。 | E31: 平24厚令28第5条第2項 | F31: (選択) | G31: ○重要事項説明書 ○利用契約書その他利用者に交付した書面 | J31: (2) 社会福祉法第77条の規定に基づき書面の交付を行う場合は、利用申込者に係る障害児の障害の特性に応じた適切な配慮をしているか。 | L31: 平24厚令29第5条第2項 | M31: (選択) | N31: ○重要事項説明書 ○利用契約書その他利用者に交付した書面
B32: ２ 契約内容の報告等 | I32: ２ 契約内容の報告等
C33: (1) 指定計画相談支援の利用に係る契約をしたときは、その旨を市町村に対し遅滞なく報告しているか。 | E33: 平24厚令28第6条第1項 | F33: (選択) | G33: ○契約内容報告書 | J33: (1) 指定障害児相談支援の利用に係る契約をしたときは、その旨を市町村に対し遅滞なく報告しているか。 | L33: 平24厚令29第6条第1項 | M33: (選択) | N33: ○契約内容報告書
C34: (2) サービス等利用計画を作成したときは、その写しを市町村に対し遅滞なく提出しているか。 | E34: 平24厚令28第6条第2項 | F34: (選択) | G34: ○市町村に提出したことが分かる書類(控え等) | J34: (2) 障害児支援利用計画を作成したときは、その写しを市町村に対し遅滞なく提出しているか。 | L34: 平24厚令29第6条第2項 | M34: (選択) | N34: ○市町村に提出したことが分かる書類(控え等)
B35: ３ 提供拒否の禁止 | I35: ３ 提供拒否の禁止
C36: 正当な理由がなく、指定計画相談支援の提供を拒んでいないか。 | E36: 平24厚令28第7条 | F36: (選択) | G36: ○適宜必要と認める資料 | J36: 正当な理由がなく、指定障害児相談支援の提供を拒んでいないか。 | L36: 平24厚令29第7条 | M36: (選択) | N36: ○適宜必要と認める資料
B37: ４ サービス提供困難時の対応 | I37: ４ サービス提供困難時の対応
C38: 事業所の通常の事業の実施地域等を勘案し、利用申込者に対し自ら適切な指定計画相談支援を提供することが困難であると認めた場合は、適当な他の指定特定相談支援事業者の紹介その他の必要な措置を速やかに講じているか。 | E38: 平24厚令28第8条 | F38: (選択) | G38: ○適宜必要と認める資料 | J38: 事業所の通常の事業の実施地域等を勘案し、利用申込者及び利用申込者に係る障害児に対し自ら適切な指定障害児相談支援を提供することが困難であると認めた場合は、適当な他の指定障害児相談支援事業者の紹介その他の必要な措置を速やかに講じているか。 | L38: 平24厚令29第8条 | M38: (選択) | N38: ○適宜必要と認める資料
B39: ５ 受給資格の確認★ | I39: ５ 受給資格の確認
C40: 指定計画相談支援の提供を求められた場合は、その者の提示する受給者証又は地域相談支援受給者証によって、計画相談支援給付費の支給対象者であること、法第5条第23項に規定する厚生労働省令で定める期間(モニタリング期間)、支給決定又は地域相談支援給付決定の有無、支給決定の有効期間又は地域相談支援給付決定の有効期間、支給量又は地域相談支援給付量等を確かめているか。 | E40: 平24厚令28第9条 | F40: (選択) | G40: ○受給者証の写し | J40: 指定障害児談支援の提供を求められた場合は、その者の提示する通所受給者証によって、障害児相談支援給付費の支給対象者であること、法第6条の2の2第8項に規定する規則で定める期間(モニタリング期間)、通所給付決定の有無、通所給付決定の有効期間、支給量等を確かめているか。 | L40: 平24厚令29第9条 規則第1条の2の7 | M40: (選択) | N40: ○受給者証の写し
B41: ６ 支給決定又は地域相談支援給付決定の申請に係る援助 | I41: ６ 通所給付決定の申請に係る援助
C42: 支給決定又は地域相談支援給付決定に通常要すべき標準的な期間を考慮し、支給決定の有効期間又は地域相談支援給付決定の有効期間の終了に伴う支給決定又は地域相談支援給付決定の申請について、必要な援助を行っているか。 | E42: 平24厚令28第10条 | F42: (選択) | G42: ○適宜必要と認める資料 | J42: 通所給付決定に通常要すべき標準的な期間を考慮し、通所給付決定の有効期間の終了に伴う通所給付決定の申請について、必要な援助を行っているか。 | L42: 平24厚令29第10条 | M42: (選択) | N42: ○適宜必要と認める資料
B43: ７ 身分を証する書類の携行 | I43: ７ 身分を証する書類の携行
C44: 当該指定特定相談支援事業所の相談支援専門員に身分を証する書類を携行させ、初回訪問時及び利用者又はその家族から求められたときは、これを提示すべき旨を指導しているか。 | E44: 平24厚令28第11条 | F44: (選択) | G44: ○身分証その他適宜必要と認める資料 | J44: 当該指定障害児相談支援事業所の相談支援専門員に身分を証する書類を携行させ、初回訪問時及び障害児又はその家族から求められたときは、これを提示すべき旨を指導しているか。 | L44: 平24厚令29第11条 | M44: (選択) | N44: ○身分証その他適宜必要と認める資料
B45: ８ 計画相談支援給付費の額等の受領 | I45: ８ 障害児相談支援支援給付費の額等の受領
C46: (1) 法定代理受領を行わない指定計画相談支援を提供した際は、利用者から当該指定計画相談支援につき法第51条の17第2項に規定する厚生労働大臣が定める基準により算定した費用の額(その額が現に当該指定計画相談支援に要した費用の額を超えるときは、当該現に指定計画相談支援に要した費用の額)の支払を受けているか。 | E46: 平24厚令28第12条第1項 | F46: (選択) | G46: ○請求書 ○領収書 | J46: (1) 法定代理受領を行わない指定障害児相談支援を提供した際は、障害児の保護者から当該指定障害児相談支援につき平成24厚告126により算定した費用の額(その額が現に当該指定障害児相談支援に要した費用の額を超えるときは、当該現に指定障害児相談支援に要した費用の額)の支払を受けているか。 | L46: 平24厚令29第12条第1項 平成24厚告126 | M46: (選択) | N46: ○請求書 ○領収書
C47: (2) (1)の支払を受ける額のほか、利用者の選定により通常の事業の実施地域以外の地域の居宅等を訪問して指定計画相談支援を提供する場合は、それに要した交通費の額の支払を利用者から受けることができるが、支払を受けているか。 | E47: 平24厚令28第12条第2項 | F47: (選択) | G47: ○請求書 ○領収書 | J47: (2) (1)の支払を受ける額のほか、障害児の保護者の選定により通常の事業の実施地域以外の地域の居宅を訪問して指定障害児相談支援を提供する場合は、それに要した交通費の額の支払を障害児の保護者から受けることができるが、支払を受けているか。 | L47: 平24厚令29第12条第2項 | M47: (選択) | N47: ○請求書 ○領収書
C48: (3) (1)及び(2)の費用の額の支払を受けた場合は、当該費用に係る領収証を当該費用の額を支払った利用者に対し交付しているか。 | E48: 平24厚令28第12条第3項 | F48: (選択) | G48: ○領収書 | J48: (3) (1)及び(2)の費用の額の支払を受けた場合は、当該費用に係る領収証を当該費用の額を支払った障害児の保護者に対し交付しているか。 | L48: 平24厚令29第12条第3項 | M48: (選択) | N48: ○領収書
C49: (4) (2)の交通費については、あらかじめ、利用者に対し、その額について説明を行い、利用者の同意を得ているか。 | E49: 平24厚令28第12条第4項 | F49: (選択) | G49: ○重要事項説明書 | J49: (4) (2)の交通費については、あらかじめ、障害児の保護者に対し、その額について説明を行い、障害児の保護者の同意を得ているか。 | L49: 平24厚令29第12条第4項 | M49: (選択) | N49: ○重要事項説明書
B50: ９ 利用者負担額に係る管理 | I50: ９ 利用者負担額に係る管理
C51: 指定計画相談支援を提供している利用者が当該指定計画相談支援と同一の月に受けた指定障害福祉サービス等につき法第29条第3項第2号に掲げる額の合計額(利用者負担額合計額)を算定しているか。この場合において、利用者負担額合計額を市町村に報告するとともに、当該利用者及び当該利用者に対し指定障害福祉サービス等を提供した指定障害福祉サービス事業者等に通知しているか。 | E51: 平24厚令28第13条 | F51: (選択) | G51: ○適宜必要と認める資料 | J51: 指定障害児相談支援を提供している利用者が当該指定障害児相談支援と同一の月に受けた指定障害福祉サービス等につき法第29条第3項第2号に掲げる額の合計額(利用者負担額合計額)を算定しているか。この場合において、利用者負担額合計額を市町村に報告するとともに、当該利用者及び当該利用者に対し指定障害福祉サービス等を提供した指定障害児通所支援事業者等に通知しているか。 | L51: 平24厚令29第13条 | M51: (選択) | N51: ○適宜必要と認める資料
B52: 10 計画相談支援給付費の額に係る通知等 | I52: 10 障害児相談支援給付費の額に係る通知等
C53: (1) 法定代理受領により指定計画相談支援に係る計画相談支援給付費の支給を受けた場合は、利用者に対し、当該利用者に係る計画相談支援給付費の額を通知しているか。 | E53: 平24厚令28第14条第1項 | F53: (選択) | G53: ○通知の写し | J53: (1) 法定代理受領により指定障害児相談支援に係る障害児相談支援給付費の支給を受けた場合は、障害児の保護者に対し、当該障害児の保護者に係る障害児相談支援給付費の額を通知しているか。 | L53: 平24厚令29第14条第1項 | M53: (選択) | N53: ○通知の写し
C54: (2) 8の(1)の法定代理受領を行わない指定計画相談支援に係る費用の額の支払を受けた場合は、その提供した指定計画相談支援の内容、費用の額その他必要と認められる事項を記載したサービス提供証明書を利用者に対して交付しているか。 | E54: 平24厚令28第14条第2項 | F54: (選択) | G54: ○サービス提供証明書の写し | J54: (2) 法定代理受領を行わない指定障害児相談支援に係る費用の額の支払を受けた場合は、その提供した指定障害児相談支援の内容、費用の額その他必要と認められる事項を記載したサービス提供証明書を障害児の保護者に対して交付しているか。 | L54: 平24厚令29第14条第2項 | M54: (選択) | N54: ○サービス提供証明書の写し
B55: 11 指定計画相談支援の具体的取扱方針 | I55: 11 指定障害児相談支援の具体的取扱方針
C56: (1) 指定計画相談支援の方針は、第1に規定する基本方針に基づき、次に掲げるところによっているか。 | E56: 平24厚令28第15条第1項 | F56: － | J56: (1) 指定障害児相談支援の方針は、第1に規定する基本方針に基づき、次に掲げるところによっているか。 | L56: 平24厚令29第15条第1項 | M56: －
D57: ① 事業所の管理者は、相談支援専門員に基本相談支援に関する業務及びサービス等利用計画の作成に関する業務を担当させているか。 | E57: 平24厚令28第15条第1項第1号 | F57: (選択) | G57: ○サービス等利用計画 ○相談支援専門員がサービス等利用計画を作成していることが分かる書類 | K57: ① 事業所の管理者は、相談支援専門員に障害児支援利用計画の作成に関する業務を担当させているか。 | L57: 平24厚令29第15条第1項第1号 | M57: (選択) | N57: ○障害児支援利用計画 ○相談支援専門員が障害児支援利用計画を作成していることが分かる書類
D58: ② 指定計画相談支援の提供に当たっては、利用者が自立した日常生活又は社会生活を営むことができるよう、利用者の意思決定の支援に配慮しているか。 | E58: 平24厚令28第15条第2項第2号 | F58: (選択) | G58: ○サービス等利用計画 ○相談支援専門員がサービス等利用計画を作成していることが分かる書類 | K58: ② 指定障害児相談支援の提供に当たっては、障害児が自立した日常生活又は社会生活を営むことができるよう、障害児等の意思をできる限り尊重するための配慮をしているか。 | L58: 平24厚令29第15条第2項第2号 | M58: (選択) | N58: ○障害児支援利用計画 ○相談支援専門員が障害児支援利用計画を作成していることが分かる書類
D59: ③ 指定計画相談支援の提供に当たっては、利用者等の立場に立って懇切丁寧に行うことを旨とし、利用者又はその家族に対し、サービスの提供方法等について理解しやすいように説明を行うとともに、必要に応じ、同じ障害を有する者による支援等適切な手法を通じて行っているか。 | E59: 平24厚令28第15条第2項第3号 | F59: (選択) | G59: ○利用者又はその家族に説明を行った記録 | K59: ③ 指定障害児相談支援の提供に当たっては、障害児等の立場に立って懇切丁寧に行うことを旨とし、障害児又はその家族に対し、サービスの提供方法等について理解しやすいように説明を行うとともに、必要に応じ、同じ障害を有する障害児の家族による支援等適切な手法を通じて行っているか。 | L59: 平24厚令29第15条第2項第3号 | M59: (選択) | N59: ○障害児又はその家族に説明を行った記録(面接記録等)
C60: (2) 指定計画相談支援における指定サービス利用支援の方針は、第１に規定する基本方針及び(1)に規定する方針に基づき、次に掲げるところによっているか。 | E60: 平24厚令28第15条第2項 | F60: － | J60: (2) 指定障害児相談支援における指定障害児支援利用援助の方針は、第１に規定する基本方針及び(1)に規定する方針に基づき、次に掲げるところによっているか。 | L60: 平24厚令29第15条第2項 | M60: －
D61: ① 相談支援専門員は、サービス等利用計画の作成に当たっては、利用者の自己決定の尊重及び意思決定の支援に配慮しつつ、利用者の希望等を踏まえて作成するよう努めているか。 | E61: 平24厚令28第15条第2項第1号 | F61: (選択) | G61: ○サービス等利用計画 ○アセスメントを実施したことが分かる書類 | K61: ① 相談支援専門員は、障害児支援利用計画の作成に当たっては、障害児の年齢及び発達の程度に応じて、その意見が尊重され、その最善の利益が優先して考慮され、心身ともに健やかに育成されるよう障害児等の希望等を踏まえて作成するよう努めているか。 | L61: 平24厚令29第15条第2項第1号 | M61: (選択) | N61: ○障害児支援利用計画 ○アセスメントを実施したことが分かる書類
D62: ② 相談支援専門員は、サービス等利用計画の作成に当たっては、利用者の自立した日常生活の支援を効果的に行うため、利用者の心身又は家族の状況等に応じ、継続的かつ計画的に適切な福祉サービス等の利用が行われるようにしているか。 | E62: 平24厚令28第15条第2項第2号 | F62: (選択) | G62: ○サービス等利用計画 ○アセスメント及びモニタリングを実施したことが分かる書類 | K62: ② 相談支援専門員は、障害児支援利用計画の作成に当たっては、障害児の自立した日常生活の支援を効果的に行うため、障害児の心身又は家族の状況等に応じ、継続的かつ計画的に適切な福祉サービス等の利用が行われるようにしているか。 | L62: 平24厚令29第15条第2項第2号 | M62: (選択) | N62: ○障害児支援利用計画 ○アセスメント及びモニタリングを実施したことが分かる書類
D63: ③ 相談支援専門員は、サービス等利用計画の作成に当たっては、利用者の日常生活全般を支援する観点から、指定障害福祉サービス等又は指定地域相談支援に加えて、指定障害福祉サービス等又は指定地域相談支援以外の福祉サービス等、当該地域の住民による自発的な活動によるサービス等の利用も含めてサービス等利用計画上に位置付けるよう努めているか。 | E63: 平24厚令28第15条第2項第3号 | F63: (選択) | G63: ○サービス等利用計画 ○アセスメント及びモニタリングを実施したことが分かる書類(地域住民の自発的な活動によるサービス等を利用していることが分かる書類等) | K63: ③ 相談支援専門員は、障害児支援利用計画の作成に当たっては、障害児の日常生活全般を支援する観点及びインクルージョンの観点から、指定通所支援に加えて、指定通所支援以外の福祉サービス等、当該地域の住民による自発的な活動によるサービス等の利用も含めて障害児支援利用計画上に位置付けるよう努めているか。 | L63: 平24厚令29第15条第2項第3号 | M63: (選択) | N63: ○障害児支援利用計画 ○アセスメント及びモニタリングを実施したことが分かる書類(地域住民の自発的な活動によるサービス等を利用していることが分かる書類等)
D64: ④ 相談支援専門員は、サービス等利用計画の作成の開始に当たっては、利用者等によるサービスの選択に資するよう、当該地域における指定障害福祉サービス事業者等又は指定一般相談支援事業者に関するサービスの内容、利用料等の情報を適正に利用者又はその家族に対して提供しているか。 | E64: 平24厚令28第15条第2項第4号 | F64: (選択) | G64: ○利用者又はその家族に情報提供した記録 | K64: ④ 相談支援専門員は、障害児支援利用計画の作成の開始に当たっては、障害児等によるサービスの選択に資するよう、当該地域における指定障害児通所支援事業者に関するサービスの内容、利用料等の情報を適正に障害児又はその家族に対して提供しているか。 | L64: 平24厚令29第15条第2項第4号 | M64: (選択) | N64: ○障害児又はその家族に情報提供した記録 ○障害児支援利用計画 ○アセスメントを実施した記録
D65: ⑤ 相談支援専門員は、サービス等利用計画の作成に当たっては、適切な方法により、利用者について、その心身の状況、その置かれている環境及び日常生活全般の状況等の評価を通じて利用者の希望する生活や利用者が自立した日常生活を営むことができるよう支援する上で解決すべき課題等の把握(アセスメント)を行っているか。 | E65: 平24厚令28第15条第2項第5号 | F65: (選択) | G65: ○サービス等利用計画 ○アセスメントを実施した記録 | K65: ⑤ 相談支援専門員は、障害児支援利用計画の作成に当たっては、適切な方法により、障害児について、その心身の状況、その置かれている環境及び日常生活全般の状況等の評価を通じて障害児の希望する生活や障害児が自立した日常生活を営むことができるよう支援する上で解決すべき課題等の把握(アセスメント)を行っているか。 | L65: 平24厚令29第15条第2項第5号 | M65: (選択) | N65: ○アセスメントを実施した記録 ○面接記録
D66: ⑥ 相談支援専門員は、アセスメントに当たっては、利用者が自ら意思を決定することに困難を抱える場合には、適切に意思決定の支援を行うため、当該利用者の意思及び選好並びに判断能力等について丁寧に把握しているか。 | E66: 平24厚令28第15条第2項第6号 | F66: (選択) | G66: ○アセスメントを実施した記録面接記録
D67: ⑦ 相談支援専門員は、アセスメントに当たっては、利用者の居宅等を訪問し、利用者及びその家族に面接しているか。この場合において、相談支援専門員は、面接の趣旨を利用者及びその家族に対して十分に説明し、理解を得ているか。 | E67: 平24厚令28第15条第2項第7号 | F67: (選択) | G67: ○サービス等利用計画 ○アセスメントを実施した記録 | K67: ⑥ 相談支援専門員は、アセスメントに当たっては、障害児の居宅を訪問し、障害児及びその家族に面接しているか。この場合において、相談支援専門員は、面接の趣旨を障害児及びその家族に対して十分に説明し、理解を得ているか。 | L67: 平24厚令29第15条第2項第6号 | M67: (選択) | N67: ○障害児支援利用計画案 ○アセスメントを実施した記録面接記録
D68: ⑧ 相談支援専門員は、利用者についてのアセスメントに基づき、当該地域における指定障害福祉サービス等又は指定地域相談支援が提供される体制を勘案して、当該アセスメントにより把握された解決すべき課題等に対応するための最も適切な福祉サービス等の組合せについて検討し、利用者及びその家族の生活に対する意向、総合的な援助の方針、生活全般の解決すべき課題、提供される福祉サービス等の目標及びその達成時期、福祉サービス等の種類、内容、量、福祉サービス等を提供する上での留意事項、モニタリング期間に係る提案等を記載したサービス等利用計画案を作成しているか。 | E68: 平24厚令28第15条第2項第8号 | F68: (選択) | G68: ○サービス等利用計画 ○モニタリング記録 | K68: ⑦ 相談支援専門員は、障害児についてのアセスメントに基づき、当該地域における指定通所支援が提供される体制を勘案して、当該アセスメントにより把握された解決すべき課題等に対応するための最も適切な福祉サービス等の組合せについて検討し、障害児及びその家族の生活に対する意向、総合的な援助の方針、生活全般の解決すべき課題、提供される福祉サービス等の目標及びその達成時期、福祉サービス等の種類、内容、量、福祉サービス等を提供する上での留意事項、モニタリング期間に係る提案等を記載した障害児支援利用計画案を作成しているか。 | L68: 平24厚令29第15条第2項第7号 | M68: (選択) | N68: ○障害児支援利用計画案 ○アセスメントを実施した記録面接記録
D69: ⑨ 相談支援専門員は、サービス等利用計画案に短期入所を位置付ける場合にあっては、利用者の居宅における自立した日常生活又は社会生活の維持に十分に留意するものとし、利用者の心身の状況等を勘案して特に必要と認められる場合を除き、短期入所を利用する日数が年間180日を超えないようにしているか。 | E69: 平24厚令28第15条第2項第9号 平24厚令28附則3 | F69: (選択) | G69: ○サービス等利用計画 ○適宜必要と認める資料
D70: ⑩ 相談支援専門員は、サービス等利用計画案に位置付けた福祉サービス等について、介護給付費等の対象となるかどうかを区分した上で、当該サービス等利用計画案の内容について、利用者又はその家族に対して説明し、文書により利用者等の同意を得ているか。 | E70: 平24厚令28第15条第2項第10号 | F70: (選択) | G70: ○利用者に交付した記録サービス等利用計画 | K70: ⑧ 相談支援専門員は、障害児支援利用計画案に位置付けた福祉サービス等について、障害児通所給付費等の対象となるかどうかを区分した上で、当該障害児支援利用計画案の内容について、障害児及びその家族に対して説明し、文書により障害児等の同意を得ているか。 | L70: 平24厚令29第15条第2項第8号 | M70: (選択) | N70: ○障害児支援利用計画
D71: ⑪ 相談支援専門員は、サービス等利用計画案を作成した際には、当該サービス等利用計画案を利用者等に交付しているか | E71: 平24厚令28第15条第2項第11号 | F71: (選択) | G71: ○サービス担当者会議記録 ○サービス等利用計画 ○アセスメント及びモニタリングに関する記録 | K71: ⑨ 相談支援専門員は、障害児支援利用計画案を作成した際には、当該障害児支援利用計画案を障害児等に交付しているか。 | L71: 平24厚令29第15条第2項第9号 | M71: (選択) | N71: ○保護者に交付した記録 ○障害児支援利用計画
D72: ⑫ 相談支援専門員は、支給決定又は地域相談支援給付決定を踏まえてサービス等利用計画案の変更を行い、指定障害福祉サービス事業者等、指定一般相談支援事業者その他の者との連絡調整等を行うとともに、サービス担当者会議(テレビ電話装置等の活用可能。)の開催等により、当該サービス等利用計画案の内容について説明を行うとともに、当該利用者の生活に対する意向等を改めて確認した上で、担当者から、専門的な見地からの意見を求めているか。 | E72: 平24厚令28第15条第2項第12号 | F72: (選択) | G72: ○サービス担当者会議記録 ○サービス等利用計画 | K72: ⑩ 相談支援専門員は、通所給付決定を踏まえて障害児支援利用計画案の変更を行い、指定障害児通所支援事業者その他の者との連絡調整等を行うとともに、障害児の意見が尊重され、その最善の利益が優先して考慮される体制を確保した上で、サービス担当者会議(テレビ電話装置等の活用可能。)の開催等により、当該障害児支援利用計画案の内容について説明を行うとともに、担当者から、専門的な見地からの意見を求めているか。 | L72: 平24厚令29第15条第2項第10号 | M72: (選択) | N72: ○サービス担当者会議記録 ○障害児支援利用計画 ○アセスメント及びモニタリングに関する記録
D73: ⑬ 相談支援専門員は、サービス担当者会議を踏まえたサービス等利用計画案の内容について、利用者又はその家族に対して説明し、文書により利用者等の同意を得ているか。 | E73: 平24厚令28第15条第2項第13号 | F73: (選択) | G73: ○利用者に交付した記録 ○サービス等利用計画 | K73: ⑪ 相談支援専門員は、サービス担当者会議を踏まえた障害児支援利用計画案の内容について、障害児及びその家族に対して説明し、文書により障害児等の同意を得ているか。 | L73: 平24厚令29第15条第2項第11号 | M73: (選択) | N73: ○サービス担当者会議記録 ○障害児支援利用計画
D74: ⑭ 相談支援専門員は、サービス等利用計画を作成した際には、当該サービス等利用計画を利用者等及び担当者に交付しているか。 | E74: 平24厚令28第15条第2項第14号 | F74: (選択) | G74: ○サービス等利用計画 | K74: ⑫ 相談支援専門員は、障害児支援利用計画を作成した際には、当該障害児支援利用計画を障害児等及び担当者に交付しているか。 | L74: 平24厚令29第15条第2項第12号 | M74: (選択) | N74: ○保護者に交付した記録 ○障害児支援利用計画
C75: (3) 指定計画相談支援における指定継続サービス利用支援の方針は、第1に規定する基本方針、(1)及び(2)に規定する方針に基づき、次に掲げるところによっているか。 | E75: 平24厚令28第15条第3項 | F75: － | J75: (3) 指定障害児相談支援における指定継続障害児支援利用援助の方針は、第1に規定する基本方針、(1)及び(2)に規定する方針に基づき、次に掲げるところによっているか。 | L75: 平24厚令29第15条第3項 | M75: －
D76: ① 相談支援専門員は、サービス等利用計画の作成後、サービス等利用計画の実施状況の把握(モニタリング(利用者についての継続的な評価を含む。))を行い、必要に応じてサービス等利用計画の変更、福祉サービス等の事業を行う者等との連絡調整その他の便宜の提供を行うとともに、新たな支給決定又は地域相談支援給付決定が必要であると認められる場合には、利用者等に対し、支給決定又は地域相談支援給付決定に係る申請の勧奨を行っているか。 | E76: 平24厚令28第15条第3項第1号 | F76: (選択) | G76: ○アセスメント及びモニタリングに関する記録 ○事業者等と連絡調整した記録 ○地域相談支援給付決定に係る申請の勧奨をした記録 | K76: ① 相談支援専門員は、障害児支援利用計画の作成後、障害児支援利用計画の実施状況の把握(モニタリング)を行い、必要に応じて障害児支援利用計画の変更、福祉サービス等の事業を行う者等との連絡調整その他の便宜の提供を行うとともに、新たな通所給付決定が必要であると認められる場合には、障害者等に対し、通所給付決定に係る申請の勧奨を行っているか。 | L76: 平24厚令29第15条第3項第1号 | M76: (選択) | N76: ○障害児支援利用計画 ○アセスメント及びモニタリングに関する記録 ○事業者等と連絡調整した記録 ○地域相談支援給付決定に係る申請の勧奨をした 記録
D77: ② 相談支援専門員は、モニタリングに当たっては、利用者及びその家族、福祉サービス等の事業を行う者等との連絡を継続的に行うこととし、モニタリング期間ごとに利用者の居宅等を訪問し、利用者等に面接するほか、その結果を記録しているか。 | E77: 平24厚令28第15条第3項第2号 | F77: (選択) | G77: ○アセスメント及びモニタリングに関する記録 ○面接記録 ○経過記録 | K77: ② 相談支援専門員は、モニタリングに当たっては、障害児及びその家族、福祉サービス等の事業を行う者等との連絡を継続的に行うこととし、モニタリング期間ごとに障害児の居宅を訪問し、障害児等に面接するほか、その結果を記録しているか。 | L77: 平24厚令29第15条第3項第2号 規則第1条の2の7 | M77: (選択) | N77: ○アセスメント及びモニタリングに関する記録 ○面接記録 ○経過記録
D78: ③ (2)の①から⑧まで及び⑪から⑬までの規定は、(3)の①に規定するサービス等利用計画の変更について準用しているか。 | E78: 平24厚令28第15条第3項第3号 | F78: (選択) | G78: ○同準用項目と同一文書 | K78: ③ (2)の①から⑦まで及び⑩から⑫までの規定は、(3)の①に規定する障害児支援利用計画の変更について準用しているか。 | L78: 平24厚令29第15条第3項第3号 | M78: (選択) | N78: ○同準用項目と同一文書
D79: ④ 相談支援専門員は、適切な福祉サービス等が総合的かつ効率的に提供された場合においても、利用者がその居宅において日常生活を営むことが困難となったと認める場合又は利用者が指定障害者支援施設等への入所又は入院を希望する場合には、指定障害者支援施設等への紹介その他の便宜の提供を行っているか。 | E79: 平24厚令28第15条第3項第4号 | F79: (選択) | G79: ○施設等への入所又は入院を希望した場合に紹介した書類及びその際のサービス提供記録 | K79: ④ 相談支援専門員は、適切な福祉サービス等が総合的かつ効率的に提供された場合においても、障害児がその居宅において日常生活を営むことが困難となったと認める場合又は障害児等が指定障害児入所施設等への入所又は入院を希望する場合には、指定障害児入所施設等への紹介その他の便宜の提供を行っているか。 | L79: 平24厚令29第15条第3項第4号 | M79: (選択) | N79: ○施設等への入所又は入院を希望した場合に紹介した書類及びその際のサービス提供記録
D80: ⑤ 相談支援専門員は、指定障害者支援施設、精神科病院等から退所又は退院しようとする利用者又はその家族から依頼があった場合には、居宅における生活へ円滑に移行できるよう、あらかじめ、必要な情報の提供及び助言を行う等の援助を行っているか。 | E80: 平24厚令28第15条第3項第5号 | F80: (選択) | G80: ○施設等から退所又は退院を希望した場合に情報提供した書類及びその際のサービス提供記録 | K80: ⑤ 相談支援専門員は、指定障害児入所施設等から退所又は退院しようとする障害児又はその家族から依頼があった場合には、居宅における生活へ円滑に移行できるよう、あらかじめ、必要な情報の提供及び助言を行う等の援助を行っているか。 | L80: 平24厚令29第15条第3項第5号 | M80: (選択) | N80: ○施設等から退所又は退院を希望した場合に情報提供した書類及びその際のサービス提供記録
K81: ⑥ 相談支援専門員は、障害児の心身の状況、その置かれている環境、障害児等の選択及びインクルージョンの観点等を踏まえつつ、福祉サービス等が多様な事業者から総合的かつ効率的に提供されるよう必要な情報の提供及び助言を行う等の援助を行っているか。 | L81: 平24厚令29第15条第3項第6号 | M81: (選択) | N81: ○適宜必要と認める資料
I82: 11の2 テレビ電話装置等の活用
J83: 相談支援専門員は、次に掲げる①②の要件をいずれも満たす場合には、テレビ電話装置等を活用して障害児に対するアセスメント又はモニタリングに係る面接を行うことができる。 | L83: 平24厚令29第15条の2 | M83: －
K84: ① アセスメント又はモニタリングに係る障害児が平24厚告233に定める地域に居住し、かつ、指定障害児相談支援事業所と当該障害児の居宅等との間に一定の距離があるか。 | L84: 平24厚令29第15条の2第1号 | M84: (選択) | N84: ○適宜必要と認める資料
K85: ② 面接を行う日の属する月の前月又は前々月に、当該障害児の居宅等を訪問してアセスメント又はモニタリングに係る面接を行ったか。 | L85: 平24厚令29第15条の2第2号 | M85: (選択) | N85: ○適宜必要と認める資料
B86: 12 利用者等に対するサービス等利用計画等の書類の交付 | I86: 12 障害児等に対する障害児支援利用計画等の書類の交付
C87: 利用者等が他の指定特定相談支援事業者の利用を希望する場合その他利用者等から申出があった場合には、当該利用者等に対し、直近のサービス等利用計画及びその実施状況に関する書類を交付しているか。 | E87: 平24厚令28第16条 | F87: (選択) | G87: ○適宜必要と認める資料 | J87: 障害児等が他の指定障害児相談支援事業者の利用を希望する場合その他障害児等から申出があった場合には、当該障害児等に対し、直近の障害児支援利用計画及びその実施状況に関する書類を交付しているか。 | L87: 平24厚令29第16条 | M87: (選択) | N87: ○適宜必要と認める資料
B88: 13 利用者等に関する市町村への通知 | I88: 13 障害児等に関する市町村への通知
C89: 指定計画相談支援を受けている利用者が偽りその他不正な行為によって計画相談支援給付費の支給を受け、又は受けようとしたときは、遅滞なく、意見を付してその旨を市町村に通知しているか。 | E89: 平24厚令28第17条 | F89: (選択) | G89: ○適宜必要と認める資料 | J89: 指定障害児相談支援を受けている障害児の保護者が偽りその他不正な行為によって障害児相談支援給付費の支給を受け、又は受けようとしたときは、遅滞なく、意見を付してその旨を市町村に通知しているか。 | L89: 平24厚令29第17条 | M89: (選択) | N89: ○適宜必要と認める資料
B90: 14 管理者の責務 | I90: 14 管理者の責務
C91: (1) 事業所の管理者は、当該事業所の相談支援専門員その他の従業者の管理、指定計画相談支援の利用の申込みに係る調整、業務の実施状況の把握その他の管理を一元的に行っているか。 | E91: 平24厚令28第18条第1項 | F91: (選択) | G91: ○適宜必要と認める資料 | J91: (1) 事業所の管理者は、当該事業所の相談支援専門員その他の従業者の管理、指定障害児相談支援の利用の申込みに係る調整、業務の実施状況の把握その他の管理を一元的に行っているか。 | L91: 平24厚令29第18条第1項 | M91: (選択) | N91: ○適宜必要と認める資料
C92: (2) 事業所の管理者は、当該指定特定相談支援事業所の相談支援専門員その他の従業者に第１から第３に記載する項目を遵守させるため必要な指揮命令を行っているか。 | E92: 平24厚令28第18条第2項 | F92: (選択) | G92: ○適宜必要と認める資料 | J92: (2) 事業所の管理者は、当該指定障害児相談支援事業所の相談支援専門員その他の従業者に第１から第３に記載する項目を遵守させるため必要な指揮命令を行っているか。 | L92: 平24厚令29第18条第2項 | M92: (選択) | N92: ○適宜必要と認める資料
B93: 15 運営規程★ | I93: 15 運営規程
C94: 指定特定相談支援事業所ごとに、次に掲げる事業の運営についての重要事項に関する運営規程を定めているか。 ①事業の目的及び運営の方針 ②従業者の職種、員数及び職務の内容 ③営業日及び営業時間 ④指定計画相談支援の提供方法及び内容並びに利用者から受領する費用及びその額 ⑤通常の事業の実施地域 ⑥事業の主たる対象とする障害の種類を定めた場合には当該障害の種類 ⑦虐待の防止のための措置に関する事項 ⑧その他運営に関する重要事項 | E94: 平24厚令28第19条 | F94: (選択) | G94: ○運営規程 | J94: 指定障害児相談支援事業所ごとに、次に掲げる事業の運営についての重要事項に関する運営規程を定めているか。 ①事業の目的及び運営の方針 ②従業者の職種、員数及び職務の内容 ③営業日及び営業時間 ④指定障害児相談支援の提供方法及び内容並びに障害児の保護者から受領する費用及びその額 ⑤通常の事業の実施地域 ⑥事業の主たる対象とする障害の種類を定めた場合には当該障害の種類 ⑦虐待の防止のための措置に関する事項 ⑧その他運営に関する重要事項 | L94: 平24厚令29第19条 | M94: (選択) | N94: ○運営規程
B95: 16 勤務体制の確保等★ | I95: 16 勤務体制の確保等
C96: (1) 利用者等に対し、適切な指定計画相談支援を提供できるよう、指定特定相談支援事業所ごとに、相談支援専門員その他の従業者の勤務の体制を定めているか。 | E96: 平24厚令28第20条第1項 | F96: (選択) | G96: ○従業者の勤務表 | J96: (1) 障害児等に対し、適切な指定障害児相談支援を提供できるよう、指定障害児相談支援事業所ごとに、相談支援専門員その他の従業者の勤務の体制を定めているか。 | L96: 平24厚令29第20条第1項 | M96: (選択) | N96: ○従業者の勤務表
C97: (2) 指定特定相談支援事業所ごとに、当該指定特定相談支援事業所の相談支援専門員に指定計画相談支援の業務を担当させているか。(ただし、相談支援専門員の補助の業務については、この限りでない。) | E97: 平24厚令28第20条第2項 | F97: (選択) | G97: ○勤務形態一覧表または雇用形態が分かる書類 | J97: (2) 指定障害児相談支援事業所ごとに、当該指定障害児相談支援事業所の相談支援専門員に指定障害児相談支援の業務を担当させているか。(ただし、相談支援専門員の補助の業務については、この限りでない。) | L97: 平24厚令29第20条第2項 | M97: (選択) | N97: ○勤務形態一覧表または雇用形態が分かる書類
C98: (3) 相談支援専門員の資質の向上のために、その研修の機会を確保しているか。 | E98: 平24厚令28第20条第3項 | F98: (選択) | G98: ○研修計画、研修実施記録 | J98: (3) 相談支援専門員の資質の向上のために、その研修の機会を確保しているか。 | L98: 平24厚令29第20条第3項 | M98: (選択) | N98: ○研修計画、研修実施記録
C99: (4) 適切な指定計画相談支援の提供を確保する観点から、職場において行われる性的な言動又は優越的な関係を背景とした言動であって業務上必要かつ相当な範囲を超えたものにより従業者の就業環境が害されることを防止するための方針の明確化等の必要な措置を講じているか。 | E99: 平24厚令28第20条第4項 | F99: (選択) | G99: ○就業環境が害されることを防止するための方針が分かる書類 | J99: (4) 適切な指定障害児相談支援の提供を確保する観点から、職場において行われる性的な言動又は優越的な関係を背景とした言動であって業務上必要かつ相当な範囲を超えたものにより従業者の就業環境が害されることを防止するための方針の明確化等の必要な措置を講じているか。 | L99: 平24厚令29第20条第4項 | M99: (選択) | N99: ○就業環境が害されることを防止するための方針が分かる書類
B100: 17 業務継続計画の策定等★ | I100: 17 業務継続計画の策定等
...

Sheet 運営指導_事前調書
A1: 指定計画相談支援・指定障害児相談支援 運営指導事前調書
A2: １ 開設者・事業所の概要
A3: 開設者の概要 | I3: 法人名称 | AD3: 主たる事務所の所在地 | AY3: 代表者の職及び氏名
I4: =表紙!I5 -> 0 | AY4: 職名 | BI4: 氏名
A5: 事業所の概要 | C5: 項目 | I5: 特定相談支援 | AD5: 障害児相談支援 | AY5: 他に指定を受けている障害福祉サービス、障害児通所支援
C6: 事業所名称
C7: 事業所所在地
C8: 指定年月日
C9: (直近の更新年月日)
C10: 主たる障害種別 | I10: □ | J10: 身体障害 | N10: □ | O10: 知的障害 | S10: □ | T10: 精神障害 | X10: □ | Y10: その他障害 | AD10: □ | AE10: 身体障害 | AI10: □ | AJ10: 知的障害 | AN10: □ | AO10: 精神障害 | AS10: □ | AT10: その他障害 | AY10: 他に指定を受けている介護保険法に基づく事業
C11: 通常の実施地域
C12: 営業日等 | I12: 日 | K12: 月 | M12: 火 | O12: 水 | Q12: 木 | S12: 金 | U12: 土 | W12: 祝日 | Y12: その他の休業日 | AD12: 日 | AF12: 月 | AH12: 火 | AJ12: 水 | AL12: 木 | AN12: 金 | AP12: 土 | AR12: 祝日 | AT12: その他の休業日
D13: 営業日
D14: 営業時間 | I14: 平日 | M14: ～ | P14: 土曜 | T14: ～ | W14: 日･祝 | AA14: ～ | AD14: 平日 | AH14: ～ | AK14: 土曜 | AO14: ～ | AR14: 日･祝 | AV14: ～
A16: ２ 利用状況（給付費の請求及び利用契約者数）
H17: 前年度 | AN17: 今年度（把握できる直近提供月まで）
H18: 特定相談支援 | X18: 障害児相談支援 | AN18: 特定相談支援 | BD18: 障害児相談支援
H19: サービス利用支援 | P19: 継続サービス利用支援 | X19: 障害児支援利用援助 | AF19: 継続障害児支援利用援助 | AN19: サービス利用支援 | AV19: 継続サービス利用支援 | BD19: 障害児支援利用援助 | BL19: 継続障害児支援利用援助
H20: 請求件数 | K20: 請求金額 | P20: 請求件数 | S20: 請求金額 | X20: 請求件数 | AA20: 請求金額 | AF20: 請求件数 | AI20: 請求金額 | AN20: 請求件数 | AQ20: 請求金額 | AV20: 請求件数 | AY20: 請求金額 | BD20: 請求件数 | BG20: 請求金額 | BL20: 請求件数 | BO20: 請求金額
A21: サービス提供月 | C21: ４月
C22: ５月
C23: ６月
C24: ７月
C25: ８月
C26: ９月
C27: １０月
C28: １１月
C29: １２月
C30: １月
C31: ２月
C32: ３月
A33: 直近の契約者数 | H33: 障害者 | O33: 人 | P33: =TEXT(EOMONTH(表紙!AD4,-2),"（ggge年m月末時点）") -> #NUM! | X33: 障害児 | AE33: 人 | AF33: =TEXT(EOMONTH(表紙!AD4,-2),"（ggge年m月末時点）") -> #NUM!
A35: ３ 従業者の状況
A36: (1)従業者の資格及び勤務状況等 | BN36: 実績年月 | BO36: =EOMONTH(表紙!AD4,-2) -> #NUM!
A37: 従業者 | M37: 勤務形態 | U37: 相談支援従事者研修 | AC37: その他の資格 | AT37: 兼務先事業所及びその職種 | BO37: 備考
A38: 職種 | G38: 氏名 | M38: 常勤･非常勤 | Q38: 専従･兼務 | U38: 初任者研修 | Y38: 現任研修
A49: ※１当該事業所に従事する全従業者について、管理者、相談支援専門員、相談支援員、その他の従業者の順に記入してください
A50: ２ 「相談支援従事者研修」は、初任者研修、現任研修(直近)の修了年月日を記入してください
A51: ３ 「専従・兼務」は、当該事業所のみに従事する場合は「専従」、当該事業所のほか他の事業所等に従事する場合は「兼務」としてください
A53: (2)従業者の勤務実績 | BN53: 実績年月 | BO53: =EOMONTH(表紙!AD4,-3)+1 -> #NUM!
A54: 従業者 | K54: 1 | M54: 2 | O54: 3 | Q54: 4 | S54: 5 | U54: 6 | W54: 7 | Y54: 8 | AA54: 9 | AC54: 10 | AE54: 11 | AG54: 12 | AI54: 13 | AK54: 14 | AM54: 15 | AO54: 16 | AQ54: 17 | AS54: 18 | AU54: 19 | AW54: 20 | AY54: 21 | BA54: 22 | BC54: 23 | BE54: 24 | BG54: 25 | BI54: 26 | BK54: 27 | BM54: 28 | BO54: 勤務時間の合計 | BR54: 常勤
A55: 職種 | F55: 氏名 | K55: =IF(BO53=0,"曜日",BO53) -> #NUM! | M55: =IF(ISERROR($K$55+M54-1),"曜日",$K$55+M54-1) -> 曜日 | O55: =IF(ISERROR($K$55+O54-1),"曜日",$K$55+O54-1) -> 曜日 | Q55: =IF(ISERROR($K$55+Q54-1),"曜日",$K$55+Q54-1) -> 曜日 | S55: =IF(ISERROR($K$55+S54-1),"曜日",$K$55+S54-1) -> 曜日 | U55: =IF(ISERROR($K$55+U54-1),"曜日",$K$55+U54-1) -> 曜日 | W55: =IF(ISERROR($K$55+W54-1),"曜日",$K$55+W54-1) -> 曜日 | Y55: =IF(ISERROR($K$55+Y54-1),"曜日",$K$55+Y54-1) -> 曜日 | AA55: =IF(ISERROR($K$55+AA54-1),"曜日",$K$55+AA54-1) -> 曜日 | AC55: =IF(ISERROR($K$55+AC54-1),"曜日",$K$55+AC54-1) -> 曜日 | AE55: =IF(ISERROR($K$55+AE54-1),"曜日",$K$55+AE54-1) -> 曜日 | AG55: =IF(ISERROR($K$55+AG54-1),"曜日",$K$55+AG54-1) -> 曜日 | AI55: =IF(ISERROR($K$55+AI54-1),"曜日",$K$55+AI54-1) -> 曜日 | AK55: =IF(ISERROR($K$55+AK54-1),"曜日",$K$55+AK54-1) -> 曜日 | AM55: =IF(ISERROR($K$55+AM54-1),"曜日",$K$55+AM54-1) -> 曜日 | AO55: =IF(ISERROR($K$55+AO54-1),"曜日",$K$55+AO54-1) -> 曜日 | AQ55: =IF(ISERROR($K$55+AQ54-1),"曜日",$K$55+AQ54-1) -> 曜日 | AS55: =IF(ISERROR($K$55+AS54-1),"曜日",$K$55+AS54-1) -> 曜日 | AU55: =IF(ISERROR($K$55+AU54-1),"曜日",$K$55+AU54-1) -> 曜日 | AW55: =IF(ISERROR($K$55+AW54-1),"曜日",$K$55+AW54-1) -> 曜日 | AY55: =IF(ISERROR($K$55+AY54-1),"曜日",$K$55+AY54-1) -> 曜日 | BA55: =IF(ISERROR($K$55+BA54-1),"曜日",$K$55+BA54-1) -> 曜日 | BC55: =IF(ISERROR($K$55+BC54-1),"曜日",$K$55+BC54-1) -> 曜日 | BE55: =IF(ISERROR($K$55+BE54-1),"曜日",$K$55+BE54-1) -> 曜日 | BG55: =IF(ISERROR($K$55+BG54-1),"曜日",$K$55+BG54-1) -> 曜日 | BI55: =IF(ISERROR($K$55+BI54-1),"曜日",$K$55+BI54-1) -> 曜日 | BK55: =IF(ISERROR($K$55+BK54-1),"曜日",$K$55+BK54-1) -> 曜日 | BM55: =IF(ISERROR($K$55+BM54-1),"曜日",$K$55+BM54-1) -> 曜日 | BR55: 換算
BO56: =SUM(K56:BN56) -> 0
BO57: =SUM(K57:BN57) -> 0
BO58: =SUM(K58:BN58) -> 0
BO59: =SUM(K59:BN59) -> 0
BO60: =SUM(K60:BN60) -> 0
BO61: =SUM(K61:BN61) -> 0
BO62: =SUM(K62:BN62) -> 0
BO63: =SUM(K63:BN63) -> 0
BO64: =SUM(K64:BN64) -> 0
BO65: =SUM(K65:BN65) -> 0
A66: １週間当たりの当該事業所における常勤職員が勤務すべき時間 | AC66: 時間 | AL66: （１月4週当たり換算： | AM66: =Y66*4 -> 0 | AQ66: 時間） | BS66: 単位：時間、人
A67: ※１ 当該事業所に従事する全従業者について、管理者、相談支援専門員、相談支援員、その他の従業者の順に記載してください
A68: また、管理者以外の従業者が複数の職種を兼務する場合は、各々の職種ごとに記載、計上してください
A69: ２ 当該月の１日から２８日までの４週間について、１日の勤務時間数を記載してください
A70: ３ 足りない場合は、複写して記載してください
A71: ４ 他の届出等の資料であって、この表の内容を充足する資料（勤務形態一覧表等）があれば、それに代えることができます
A73: ４ 介護給付費等の請求状況（加算及び減算の届出状況）
A74: 項目 | B74: 計画相談支援 | AK74: 障害児相談支援
B75: 届出区分 | AH75: 適用年月日 | AK75: 届出区分 | BQ75: 適用年月日
A76: 地域 | B76: □ | C76: 一級地 | F76: □ | G76: 二級地 | J76: □ | K76: 三級地 | N76: □ | O76: 四級地 | R76: □ | S76: 五級地 | V76: □ | W76: 六級地 | Z76: □ | AA76: 七級地 | AD76: □ | AE76: その他 | AK76: □ | AL76: 一級地 | AO76: □ | AP76: 二級地 | AS76: □ | AT76: 三級地 | AW76: □ | AX76: 四級地 | BA76: □ | BB76: 五級地 | BE76: □ | BF76: 六級地 | BI76: □ | BJ76: 七級地 | BM76: □ | BN76: その他
A77: 体制区分(運営指導自己点検表第５関係) | B77: 相談支援機能強化型体制[第5_2(1)①、2(2)①] | Q77: □ | R77: なし | U77: □ | V77: Ⅱ | X77: □ | Y77: Ⅰ | AA77: □ | AB77: Ⅲ | AD77: □ | AE77: Ⅳ | AK77: 相談支援機能強化型体制[第5_2(1)①、2(2)①] | AZ77: □ | BA77: なし | BD77: □ | BE77: Ⅱ | BG77: □ | BH77: Ⅰ | BJ77: □ | BK77: Ⅲ | BM77: □ | BN77: Ⅳ
B78: 虐待防止措置未実施[第5_2(3)] | Q78: □ | R78: なし | U78: □ | V78: あり | AK78: 虐待防止措置未実施[第5_2(7)] | AZ78: □ | BA78: なし | BD78: □ | BE78: あり
B79: 業務継続計画未策定[第5_2(3)] | Q79: □ | R79: なし | U79: □ | V79: あり | AK79: 業務継続計画未策定[第5_2(6)] | AZ79: □ | BA79: なし | BD79: □ | BE79: あり
B80: 情報公表未報告[第5_2(3)] | Q80: □ | R80: なし | U80: □ | V80: あり | AK80: 情報公表未報告[第5_2(5)] | AZ80: □ | BA80: なし | BD80: □ | BE80: あり
B81: 行動障害支援体制[第5_13] | Q81: □ | R81: なし | U81: □ | V81: Ⅱ | X81: □ | Y81: Ⅰ | AK81: 行動障害支援体制[第5_13] | AZ81: □ | BA81: なし | BD81: □ | BE81: Ⅱ | BG81: □ | BH81: Ⅰ
B82: 要医療児者支援体制[第5_14] | Q82: □ | R82: なし | U82: □ | V82: Ⅱ | X82: □ | Y82: Ⅰ | AK82: 要医療児者支援体制[第5_14] | AZ82: □ | BA82: なし | BD82: □ | BE82: Ⅱ | BG82: □ | BH82: Ⅰ
B83: 精神障害者支援体制[第5_15] | Q83: □ | R83: なし | U83: □ | V83: Ⅱ | X83: □ | Y83: Ⅰ | AK83: 精神障害者支援体制[第5_15] | AZ83: □ | BA83: なし | BD83: □ | BE83: Ⅱ | BG83: □ | BH83: Ⅰ
B84: 主任相談支援専門員配置[第5_5] | Q84: □ | R84: なし | U84: □ | V84: Ⅱ | X84: □ | Y84: Ⅰ | AK84: 主任相談支援専門員配置[第5_5] | AZ84: □ | BA84: なし | BD84: □ | BE84: Ⅱ | BG84: □ | BH84: Ⅰ
B85: ピアサポート体制[第5_17] | Q85: □ | R85: なし | U85: □ | V85: あり | AK85: ピアサポート体制[第5_16] | AZ85: □ | BA85: なし | BD85: □ | BE85: あり
B86: 地域生活支援拠点等[第5_18] | Q86: □ | R86: 非該当 | U86: □ | V86: 該当 | AK86: 地域生活支援拠点等[第5_17] | AZ86: □ | BA86: 非該当 | BD86: □ | BE86: 該当
B87: 地域体制強化共同支援加算対象[第5_19] | Q87: □ | R87: なし | U87: □ | V87: あり | AK87: 地域体制強化共同支援加算対象[第5_18] | AZ87: □ | BA87: なし | BD87: □ | BE87: あり
B88: 地域生活支援拠点等機能強化体制[第5_2(3)] | Q88: □ | R88: なし | U88: □ | V88: あり | AK88: 地域生活支援拠点等機能強化体制[第5_2(9)] | AZ88: □ | BA88: なし | BD88: □ | BE88: あり
B89: 高次脳機能障害支援体制[第5_16] | Q89: □ | R89: なし | U89: □ | V89: Ⅱ | X89: □ | Y89: Ⅰ | AK89: 高次脳機能障害支援体制[第5_15の2] | AZ89: □ | BA89: なし | BD89: □ | BE89: Ⅱ | BG89: □ | BH89: Ⅰ
A90: ※[]内は自己点検表の項目です。直近で届け出ている「介護給付費等の算定に係る体制等状況一覧表」、「障害児通所・入所給付費の算定に係る体制等状況一覧表」のご提供でも構いません
A92: ５ 障害福祉サービス等情報公表システム（WAMNET）
A93: 公表状況 | I93: □ | J93: 公表済み | U93: （最終更新年月日： | AD93: ） | AG93: □ | AH93: 未公表
A95: ６ 各種委員会の設置、方針等の整備、取組状況について
A96: (1)職場におけるハラスメント防止のための方針等
A97: 方針に定められている項目 | I97: □ | J97: ｾｸｼｭｱﾙﾊﾗｽﾒﾝﾄ | Q97: □ | R97: ﾊﾟﾜｰﾊﾗｽﾒﾝﾄ | X97: □ | Y97: ｶｽﾀﾏｰﾊﾗｽﾒﾝﾄ | AF97: □ | AG97: 妊娠・出産・育児休業、介護休業等に関するﾊﾗｽﾒﾝﾄ | BA97: 相談窓口の担当部署・担当者等
I98: □ | J98: その他 | M98: （ | AM98: ） | AO98: □ | AP98: 未整備 | BA98: 部署 | BJ98: 担当
A99: 従業者への周知等 | I99: □ | J99: 就業規則等への記載 | R99: □ | S99: 社内報、パンフレット等の資料への掲載 | AH99: □ | AI99: 掲示 | AL99: □ | AM99: 研修等の実施 | AS99: □ | AT99: その他 | AW99: （ | BS99: ）
A101: (2)業務継続計画の策定（令和6年4月1日から義務化。業務継続計画未策定減算あり）
A102: ①災害に係る業務継続計画
A103: 計画の策定状況 | I103: □ | J103: 策定済み（当初策定年月日： | AA103: ） | AC103: □ | AD103: 策定予定（予定： | AP103: 頃） | AS103: □ | AT103: 未策定 | AY103: 最終更新年月日
A104: 研修、訓練の実施状況 | I104: 区分 | L104: 研修（年１回以上の実施） | AP104: 訓練（年１回以上の実施）
A105: (それぞれ直近２回分) | I105: 実施日
I106: 対象者
I107: 内容等
A108: ②感染症に係る業務継続計画
A109: 計画の策定状況 | I109: □ | J109: 策定済み（当初策定年月日： | AA109: ） | AC109: □ | AD109: 策定予定（予定： | AP109: 頃） | AS109: □ | AT109: 未策定 | AY109: 最終更新年月日
A110: 研修、訓練の実施状況 | I110: 区分 | L110: 研修（年１回以上の実施） | AP110: 訓練（年１回以上の実施）
A111: (それぞれ直近２回分) | I111: 実施日
I112: 対象者
I113: 内容等
A115: (3)感染症対策委員会（令和6年4月1日から義務化）
A116: 委員会の設置状況 | I116: □ | J116: 設置済み（名称： | AK116: ） | AM116: □ | AN116: 設置予定（予定： | AZ116: 頃） | BC116: □ | BD116: 未設置
A117: 指針等の整備状況 | I117: □ | J117: 整備済み（当初策定年月日： | AA117: ） | AC117: □ | AD117: 整備予定（予定： | AP117: 頃） | AS117: □ | AT117: 未整備 | AY117: 最終更新年月日
A118: 委員会の開催状況等 | I118: 開催日
...

Sheet 業務管理体制一般検査_自己点検表
A1: 業務管理体制の整備に関する一般検査自己点検表
F2: 【島根県大田市】
A8: チェック項目 | E8: 確認 結果 | F8: 備考
A9: １ 方針策定
B10: (1)法令遵守責任者を選任し届け出ていますか(法の区分ごとに、業務管理体制の整備に関する届出をしていますか)。 | F10: 障害者総合支援法第51条の31第2項第2号(指定特定相談支援)、児童福祉法第24条の38第2項第2号(指定障害児相談)に該当する場合は市町村に届け出る必要があります。届出されていない場合は速やかに届出をお願いします。
C11: ①障害者総合支援法第51条の31〔届出書を確認します〕 | E11: (選択)
D12: 届出日 ：〇年〇月〇日、職名：〇〇、氏名：〇〇 ××
C13: ②児童福祉法第24条の38〔届出書を確認します〕 | E13: (選択)
D14: 届出日 ：〇年〇月〇日、職名：〇〇、氏名：〇〇 ××
B15: (2)法令遵守について方針を定めていますか。 | E15: (選択) | F15: 定めている場合、その名称や定めた年月日をご記入ください
D16: 方針名等：〇〇(〇年〇月〇日策定)
B17: (3)法令遵守について定めた方針を職員に周知していますか。 | E17: (選択)
D18: 周知方法：（記入例「社内報による周知」）
A19: ２ 内部規定・組織体制の整備
B20: (1)法令遵守責任者の役割や業務内容を定めていますか。 | E20: (選択) | F20: 定めている場合、その名称や定めた年月日をご記入ください
D21: 定めの名称：〇〇(〇年〇月〇日策定)
B22: (2)選任された法令遵守責任者を職員に周知していますか。 | E22: (選択)
D23: 周知方法 ：（記入例「社内報による周知」）
B24: (3)事業所が提供しているサービスの実施内容について、法令に基づき適正に提供されていることを確認していますか。(確認内容の例：人員配置基準を満たしているか、定員は遵守されているか、設備基準は確保されているか、必要な計画・記録は作成されているか など) | E24: (選択)
B25: (4)各事業所に、毎日従業者の人員を確認させ、定期的に報告を求める等をして、人員を確保していますか。 | E25: (選択)
B26: (5)各事業所の人員が不足したとき又は不足するおそれのあるときは、人員について権限のある部署に報告させ、人員を確保していますか。 | E26: (選択)
B27: (6)各事業所に、毎日利用者数を確認させ、定期的に報告を求める等をして、届け出られた定員を超えないように管理していますか。 | E27: (選択)
B28: (7)各事業所の設備基準の遵守について、常に管理していますか。 | E28: (選択)
B29: (8)虐待防止及び身体拘束抑制について、従業者に周知し、研修等を行っていますか。
C30: ①周知 | E30: (選択)
D31: 周知方法：（記入例「社内報による周知」）
C32: ②研修 | E32: (選択) | F32: 研修については、直近年度の実施回数や実施日をご記入ください
D33: 研修実績：〇年度実績 〇回(〇/〇、×/×など、実施年月日を記入してください)
B34: (9)介護給付費等の請求について、法令に基づき適正な請求であるか確認をしていますか。 | E34: (選択)
B35: (10)内部通報や事故報告があった場合、原因を把握し、改善を図るなどの対策がとられていますか。 | E35: (選択)
B36: (11)利用者から相談や苦情があった場合、法令等に違反すると思われる事項について法令遵守責任者に報告し、対策がとられていますか。 | E36: (選択)
B37: (12)法令等の遵守について、研修を行っていますか。 | E37: (選択) | F37: 研修の実施状況をご記入ください
D38: 実施状況：(記入例「外部研修『〇〇』(〇/〇受講)を受講し、後に法人内部での伝達研修を実施(×/×実施))
B39: (13)行政や関係団体から関連情報を収集し、事業所（職員）へ周知していますか。また、適宜、既存資料の内容の改定を行っていますか。 | E39: (選択)
A40: ３ 運用状況の評価・改善活動の状況
B41: (1)経営者が、法令等遵守の実施状況を把握・分析し、問題点があればその原因を検証していますか。 | E41: (選択)
B42: (2)経営者が、３(1)の検証結果に基づき、改善計画を策定し改善を実施していますか。 | E42: (選択)
A43: ４ 法令遵守規程（届出事業所数20以上のみ記入）
B44: (1)法令遵守規程（マニュアル）を作成していますか。 | E44: (選択) | F44: ４については、業務管理体制の整備に関する届出に係る届事業所数が20未満の事業者は記載不要です
D45: 規程等名称：〇〇(〇年〇月〇日作成)
B46: (2)法令遵守規程（マニュアル）について定めた規程を職員に周知していますか。 | E46: (選択)
D47: 周知方法 ：（例「社内報による周知」）
A48: ５ 業務執行の状況の監査（届出事業所数100以上のみ記入）
B49: (1)内部監査の対象となる項目及び実施手順等を定めた要領等を作成していますか。 | E49: (選択) | F49: ５については、業務管理体制の整備に関する届出に係る届事業所数が100未満の事業者は記載不要です
D50: 要領等名称：〇〇(〇年〇月〇日作成)
B51: (2)内部監査計画を策定していますか。 | E51: (選択)
D52: 計画作成日：〇年〇月〇日
B53: (3)業務執行の状況の監査を定期的に実施していますか。 | E53: (選択)
D54: 直近実施日：〇年〇月〇日
A61: 【参考】指定相談支援事業者(障害者総合支援法)、指定障害児相談支援事業者(児童福祉法)に係る業務管理体制の整備等
A62: 障害者総合支援法第51条の31 (業務管理体制の整備等) 第五十一条の三十一 指定相談支援事業者は、第五十一条の二十二第三項に規定する義務の履行が確保されるよう、主務省令で定める基準に従い、業務管理体制を整備しなければならない。 ２ 指定相談支援事業者は、次の各号に掲げる区分に応じ、当該各号に定める者に対し、主務省令で定めるところにより、業務管理体制の整備に関する事項を届け出なければならない。 一 次号から第五号までに掲げる指定相談支援事業者以外の指定相談支援事業者 都道府県知事 二 特定相談支援事業のみを行う指定特定相談支援事業者であって、当該指定に係る事業所が一の市町村の区域に所在するもの 市町村長 三 当該指定に係る事業所が一の指定都市の区域に所在する指定相談支援事業者(前号に掲げるものを除く。) 指定都市の長 四 当該指定に係る事業所が一の中核市の区域に所在する指定相談支援事業者(第二号に掲げるものを除く。) 中核市の長 五 当該指定に係る事業所が二以上の都道府県の区域に所在する指定相談支援事業者 主務大臣 ３ 前項の規定により届出をした指定相談支援事業者は、その届け出た事項に変更があったときは、主務省令で定めるところにより、遅滞なく、その旨を当該届出をした主務大臣、都道府県知事、指定都市若しくは中核市の長又は市町村長(以下この款において「主務大臣等」という。)に届け出なければならない。 ４ 第二項の規定による届出をした指定相談支援事業者は、同項各号に掲げる区分の変更により、同項の規定により当該届出をした主務大臣等以外の主務大臣等に届出を行うときは、主務省令で定めるところにより、その旨を当該届出をした主務大臣等にも届け出なければならない。 ５ 主務大臣等は、前三項の規定による届出が適正になされるよう、相互に密接な連携を図るものとする。
A69: 児童福祉法第24条の38 第二十四条の三十八 指定障害児相談支援事業者は、第二十四条の三十第三項に規定する義務の履行が確保されるよう、内閣府令で定める基準に従い、業務管理体制を整備しなければならない。 ② 指定障害児相談支援事業者は、次の各号に掲げる区分に応じ、当該各号に定める者に対し、内閣府令で定めるところにより、業務管理体制の整備に関する事項を届け出なければならない。 一 次号及び第三号に掲げる指定障害児相談支援事業者以外の指定障害児相談支援事業者 都道府県知事 二 指定障害児相談支援事業者であつて、当該指定に係る障害児相談支援事業所が一の市町村の区域に所在するもの 市町村長 三 当該指定に係る障害児相談支援事業所が二以上の都道府県の区域に所在する指定障害児相談支援事業者 内閣総理大臣 ③ 前項の規定により届出をした指定障害児相談支援事業者は、その届け出た事項に変更があつたときは、内閣府令で定めるところにより、遅滞なく、その旨を当該届出をした内閣総理大臣、都道府県知事又は市町村長(以下この款において「内閣総理大臣等」という。)に届け出なければならない。 ④ 第二項の規定による届出をした指定障害児相談支援事業者は、同項各号に掲げる区分の変更により、同項の規定により当該届出をした内閣総理大臣等以外の内閣総理大臣等に届出を行うときは、内閣府令で定めるところにより、その旨を当該届出をした内閣総理大臣等にも届け出なければならない。 ⑤ 内閣総理大臣等は、前三項の規定による届出が適正になされるよう、相互に密接な連携を図るものとする。
